 Dungeon Crawl Stone Soup version 0.17-a0-1404-gb8113a6 (webtiles) character file.

81 wvc the Cutter (level 4, 0/26 HPs)
             Began as a Kobold Skald on June 21, 2015.
             Was an Initiate of Ru.
             Succumbed to an adder's poison
             ... on level 2 of the Dungeon.
             The game lasted 00:03:53 (2047 turns).

wvc the Cutter (Kobold Skald)                       Turns: 2047, Time: 00:03:53

Health: 0/26       AC:  4    Str: 10    XL:     4   Next: 68%
Magic:  7/7        EV: 13    Int: 10    God:    Ru [......]
Gold:   75         SH:  0    Dex: 16    Spells: 3 memorised, 1 level left

rFire  . . .     SeeInvis .     a - +0 short sword
rCold  . . .     Clarity  .     b - +0 leather armour
rNeg   . . .     SustAt   .     (shield restricted)
rPois  .         Gourm    .     (no helmet)
rElec  .         Spirit   .     i - +0 cloak
rCorr  .         Warding  .     (no gloves)
rMut   .         Stasis   .     (no boots)
MR     .....                    (no amulet)
Stlth  +++.......               (no ring)
                                (no ring)

@: lethally poisoned (0 -> -15), not resistant to hostile enchantments, fairly
stealthy
A: carnivore 3
a: Renounce Religion


You were on level 2 of the Dungeon.
You worshipped Ru.
Ru was noncommittal.
You were full.

You visited 1 branch of the dungeon, and saw 2 of its levels.

You collected 75 gold pieces.

Inventory:

Hand weapons
 a - a +0 short sword (weapon)
Missiles
 f - 17 poisoned needles
Armour
 b - a +0 leather armour (worn)
 i - a +0 cloak (worn)
Scrolls
 e - a scroll of recharging {unknown}
 h - a scroll of identify {unknown}
Books
 c - a book of Battle

   Spells                             Type                      Level
   a - Infusion                       Charms                       1
   b - Shroud of Golubria             Charms/Translocation         2
   c - Song of Slaying                Charms                       2
   d - Spectral Weapon                Hexes/Charms                 3
   e - Regeneration                   Charms/Necromancy            3
Comestibles
 d - a meat ration


   Skills:
 - Level 2.1 Fighting
 * Level 4.4 Short Blades
 - Level 1.2 Armour
 - Level 1.2 Dodging
 * Level 3.7 Stealth
 - Level 2.0 Spellcasting
 - Level 2.4 Charms


You had one spell level left.
You knew the following spells:

 Your Spells              Type           Power        Failure   Level  Hunger
a - Infusion              Chrm           #.....       17%         1    ##.....
b - Regeneration          Chrm/Necr      #.........   80%         3    ####...
c - Shroud of Golubria    Chrm/Tloc      #.........   38%         2    ###....


Dungeon Overview and Level Annotations

Branches:
Dungeon (2/15)

Altars:
Ru


Innate Abilities, Weirdness & Mutations

You are small and have problems with some larger weapons.
You are carnivorous and can eat meat at any time.


Message History

The adder is moderately wounded.
The ball python closely misses you. The ball python grabs you.
The ball python constricts you. The adder bites you.
* * * LOW HITPOINT WARNING * * *
You are more poisoned.
The adder poisons you! The bat closely misses you.
You aren't carrying any potions.
You aren't carrying any potions.
You escape the ball python's grasp.
* * * LOW HITPOINT WARNING * * *
You feel sick. The bat misses you. The ball python closely misses you.
The ball python grabs you. The ball python constricts you. The adder bites you.
* * * LOW HITPOINT WARNING * * *
You are more poisoned.
The adder poisons you!
You escape the ball python's grasp.
* * * LOW HITPOINT WARNING * * *
You feel sick. The bat closely misses you.
Unknown command.
You die...

####### #..##+#+## #.....#
#..#....... #.....#
#..#....... #.....#
#..#....... #.....#
#.......?.. #.....#
#.S........
#.....####.#.#......
#........@.bS..#....
#.........##........
####......##...#..##
#......##........
#..............#.
#..............# ######
####..............# .....#
#.................#
..'#######).+###.........#


You could see an adder, a bat and a ball python.

Vanquished Creatures
  An orc wizard (D:2)
  An ooze (D:1)
  A worm (D:2)
  A giant gecko (D:1)
  6 bats
  4 giant cockroaches (D:1)
  5 goblins
  2 hobgoblins
  A quokka (D:2)
  A ball python (D:2)
  3 giant newts (D:1)
  3 kobolds
  14 rats
43 creatures vanquished.

Notes
Turn   | Place    | Note
--------------------------------------------------------------
     0 | D:1      | wvc the Kobold Skald began the quest for the Orb.
     0 | D:1      | Reached XP level 1. HP: 12/12 MP: 3/3
    50 | D:1      | Reached skill level 3 in Short Blades
   314 | D:1      | Reached skill level 1 in Armour
   314 | D:1      | Reached XP level 2. HP: 14/17 MP: 5/5
   343 | D:1      | Reached skill level 1 in Stealth
   688 | D:1      | Reached XP level 3. HP: 19/21 MP: 6/6
  1185 | D:2      | Found a sacrificial altar of Ru.
  1204 | D:2      | Reached skill level 4 in Short Blades
  1204 | D:2      | Reached XP level 4. HP: 4/26 MP: 7/7
  1480 | D:2      | Became a worshipper of Ru the Awakened
  1485 | D:2      | Learned a level 3 spell: Regeneration
  1488 | D:2      | Learned a level 2 spell: Shroud of Golubria
  2046 | D:2      | HP: 1/26 [poisoned by an adder]
  2047 | D:2      | Succumbed to an adder's poison

Vault maps used:
D:1:      lemuel_arrival_river_bridge, st_stairs_10, minmay_misc_feat_chi,
          minmay_misc_feat_enclosed, minmay_hedge_maze, minmay_cut_off
D:2:      nicolae_ru_great_annihilating_truth, nicolae_dithmenos_shadow_blocks

Action                   |  1- 3 |  4- 6 || total
-------------------------+-------+-------++-------
Melee: Short sword       |   108 |    74 ||   182
 Stab: Sleeping          |     8 |       ||     8
       Distracted        |     1 |       ||     1
       Paralysed         |     1 |       ||     1
  Eat: Chunk             |     8 |       ||     8
